 Dungeon Crawl Stone Soup version 0.31-a0-590-g8a5a4361df (webtiles) character file.

Game seed: 17644672181765420085

39 dialectric the Changeling (level 3, 0/23 HPs)
             Began as an Octopode Shapeshifter on Aug 20, 2023.
             Slain by a gnoll
             ... wielding a +0 spear
              (8 damage)
             ... on level 3 of the Dungeon.
             The game lasted 00:01:37 (1325 turns).

dialectric the Changeling (Octopode Shapeshifter)   Turns: 1325, Time: 00:01:38

Health: 0/23       AC:  1    Str: 16    XL:     3   Next: 45%
Magic:  3/3        EV: 13    Int: 10    God:
Gold:   181        SH:  0    Dex: 12    Spells: 2/2 levels left

rFire   . .          .
                       - Unarmed
rCold   . . .        (no shield)
rNeg    . . .        (helmet currently unavailable)
rPois   .            (no amulet)
rElec   .            (no ring)
rCorr   .            (no ring)
SInv    .            (no ring)
Will    .....        (no ring)
Stlth   ++           (no ring)
HPRegen 0.23/turn    (no ring)
MPRegen 0.08/turn    (no ring)
                     (no ring)

%: no passive effects
@: beast-form
A: beast (slay +2), almost no armour, amphibious, 8 rings, camouflage 1,
gelatinous body 1, (nimble swimmer 1), tentacles
a: Begin Untransformation


You were on level 3 of the Dungeon.
You were a hulking beast.
You visited 1 branch of the dungeon, and saw 3 of its levels.

You collected 181 gold pieces.

Inventory:

Talismans
 b - a beast talisman (active)
 c - a flux talisman
Scrolls
 d - 2 scrolls of amnesia {unknown}
 f - 2 scrolls of enchant weapon {unknown}
 g - 2 scrolls of teleportation {unknown}
 j - a scroll of immolation {unknown}
 k - a scroll of identify {unknown}
 m - a scroll of torment {unknown}
Potions
 a - 4 potions of lignification
 e - a potion of mutation {unknown}
 h - a potion of cancellation {unknown}
 i - 2 potions of brilliance {unknown}
 l - a potion of might {unknown}
 n - a potion of ambrosia {unknown}
 o - a potion of haste {unknown}


   Skills:
 + Level 1.1 Fighting
 + Level 2.2 Dodging
 + Level 3.4 Unarmed Combat
 + Level 3.6 Shapeshifting


You had 2 spell levels left.
You didn't know any spells.
Your spell library contained the following spells:

 Spells                   Type           Power      Damage    Failure   Level
 Freeze                   Ice            0%         1d3       36%         1
 Frozen Ramparts          Ice            0%         1d1       75%         3
 Hailstorm                Conj/Ice       0%         3d3       75%         3


Dungeon Overview and Level Annotations

Branches:
Dungeon (3/15)

Altars:


Innate Abilities, Weirdness & Mutations

You are a hulking beast.
Your limbs bulge with bestial killing power. (Slay +2)
You cannot wear most types of armour.
You are amphibious.
You can wear up to eight rings at the same time.
Your skin changes colour to match your surroundings (Stealth+).
Your rubbery body absorbs attacks. (AC +1, EV +1)
((You are camouflaged when in or above water. (Stealth+)))
You have tentacles for arms and can constrict up to eight enemies at once.


Message History

No target in view!
A rat comes into view.
A rat is nearby!
The rat closely misses you.
There is a stone staircase leading down here.
A rat is nearby!
You barely miss the rat. Your grab misses the rat. The rat bites you.
You tentacle-slap the rat.
You kill the rat!
No target in view!
No target in view!
No target in view!
No target in view!
No target in view!
No target in view!
No target in view!
You now have 161 gold pieces (gained 8).
You now have 176 gold pieces (gained 15).
o - a fuming yellow potion Key pressed, stopping explore.
No target in view!
You now have 181 gold pieces (gained 5). 2 gnolls come into view.
There are monsters nearby!
An endoplasm and a goblin come into view.
The gnoll shouts!
The endoplasm quivers.
You hear a shout!
The goblin shouts!
A gnoll comes into view. It is wielding a +0 spear.
The gnoll shouts!
An endoplasm comes into view.
The endoplasm quivers.
The gnoll hits you with a +0 spear.
You tentacle-slap the gnoll. Your grab misses the gnoll.
The gnoll is moderately wounded.
The gnoll closely misses you. The gnoll hits you with a +0 club.
The gnoll closely misses you. The gnoll attacks as you move away!
The gnoll hits you with a +0 club. The gnoll attacks as you move away!
The gnoll hits you with a +0 spear!
You die...

##..# #...#
# #.J.#.#
#...#.#
.g....
#Jg.#
#..####gg.#
#......h..#
#..####..##
#........#
#...###..#
....###..#
#.......#
#...####.#
.# #.# #.#


You could see 3 gnolls, 2 endoplasms and a goblin.

Vanquished Creatures
  A dart slug (D:1)
  4 ball pythons
  3 endoplasms
  3 giant cockroaches (D:1)
  2 goblins
  6 jackals
  5 kobolds (D:1)
  2 quokkas
  2 bats
  2 frilled lizards
  3 rats
33 creatures vanquished.

Notes
Turn   | Place    | Note
-------+----------+-------------------------------------------
     0 | D:1      | dialectric the Octopode Shapeshifter began the quest for
                  | the Orb.
     0 | D:1      | Reached XP level 1. HP: 13/13 MP: 1/1
    78 | D:1      | Reached XP level 2. HP: 15/18 MP: 2/2
   594 | D:1      | Reached XP level 3. HP: 21/23 MP: 3/3
   944 | D:2      | Found a faded altar of an unknown god.
  1325 | D:3      | Slain by a gnoll

Illustrated notes

Levels and vault maps discovered:
D:1:      ldierk_walled_garden, layout_loops_ring
D:2:      layout_loops_ring, chequers_ecumenical_altar_island,
          uniq_crazy_yiuf_cottage
D:3:      layout_basic, nicolae_ru_awakened_eye, uniq_jessica

Action                     || total
---------------------------++-------
  Melee: Unarmed           ||    55
         Constrict         ||    16
         Tentacles         ||     8
         Punch             ||     1
   Stab: Sleeping          ||     3
 Armour: Skin              ||     3
  Dodge: Dodged            ||    33

Table legend: (Time is in decaauts)
 A = Elapsed time spent in this place.
 B = Non-inter-level travel time spent in this place.
 C = Inter-level travel time spent in this place.
 D = Time resting spent in this place.
 E = Time spent auto-exploring this place.
 F = Levels seen in this place.
 G = Mean time per level.
                   A        B        C        D        E       F      G
               +--------+--------+--------+--------+--------+-----+--------+
         Total |   1321 |   1307 |     14 |      0 |   1099 |   3 |  440.3 |
       Dungeon |   1321 |   1307 |     14 |      0 |   1099 |   3 |  440.3 |
               +--------+--------+--------+--------+--------+-----+--------+

Top non-repeatable levels by time:
     D:1: 627 daAuts
     D:2: 587 daAuts
     D:3: 106 daAuts
